 Dungeon Crawl Stone Soup version 0.27.1-1-g398f81649c (webtiles) character file.

Game seed: 5440192419991612042

88 nxtlvl the Ruffian (level 4, -4/35 HPs)
             Began as a Minotaur Transmuter on Sept 19, 2021.
             Slain by an ogre (10 damage)
             ... on level 4 of the Dungeon.
             The game lasted 00:02:54 (330 turns).

nxtlvl the Ruffian (Minotaur Transmuter)             Turns: 330, Time: 00:02:54

Health: -4/35      AC:  8    Str: 16    XL:     4   Next: 30%
Magic:  5/5        EV:  7    Int: 10    God:
Gold:   21         SH:  0    Dex: 10    Spells: 4/5 levels left

rFire    . . .     SeeInvis .     - Unarmed
rCold    . . .     Faith    .   (no shield)
rNeg     . . .     Spirit   .   b - +0 chain mail
rPois    .         Reflect  .   (helmet restricted)
rElec    .         Harm     .   (no cloak)
rCorr    .         Rampage  .   (no gloves)
Will     .....                  (no boots)
Stlth    ..........             (no amulet)
HPRegen  0.11/turn              (no ring)
MPRegen  0.09/turn              (no ring)

@: no status effects
A: horns 2, retaliatory headbutt
a: no special abilities


You were on level 4 of the Dungeon.
You visited 1 branch of the dungeon, and saw 5 of its levels.

You collected 21 gold pieces.

Inventory:

Armour
 b - a +0 chain mail (worn)
Scrolls
 a - 3 scrolls of teleportation {unknown}


   Skills:
 - Level 1.2 Fighting
 - Level 2.1 Dodging
 * Level 5.7 Unarmed Combat
 - Level 1.3 Spellcasting
 - Level 1.5 Transmutations


You had 4 spell levels left.
You knew the following spells:

 Your Spells              Type           Power      Damage    Failure   Level
a - Beastly Appendage     Tmut           6%         N/A       98%         1

Your spell library contained the following spells:

 Spells                   Type           Power      Damage    Failure   Level
 Wereblood                Tmut           3%         N/A       99%         2
 Spider Form              Tmut/Pois      1%         N/A       100%        3
 Ice Form                 Ice/Tmut       2%         N/A       100%        4


Dungeon Overview and Level Annotations

Branches:
Dungeon (5/15)
 Temple: D:4-7

Altars:
Dithmenos


Innate Abilities, Weirdness & Mutations

You have a pair of horns on your head.
You reflexively headbutt those who attack you in melee.


Message History

The hobgoblin shouts!
The hobgoblin moves out of view.
There is an open door here.
You hit the hobgoblin. Your headbutt misses the hobgoblin.
The hobgoblin is lightly wounded.
The hobgoblin closely misses you.
You hit the hobgoblin but do no damage.
You headbutt the hobgoblin, but do no damage.
The hobgoblin is lightly wounded.
The hobgoblin barely misses you. You furiously retaliate!
You headbutt the hobgoblin.
Your chain mail prevents you from hitting the hobgoblin.
The hobgoblin is moderately wounded.
The hobgoblin hits you but does no damage.
You closely miss the hobgoblin.
The hobgoblin is moderately wounded.
The hobgoblin hits you but does no damage.
You hit the hobgoblin.
You kill the hobgoblin!
There is an open door here.
There is an open door here.
Found 11 gold pieces.
a - 3 scrolls labelled WETHRI ZABOUDOM (gained 1)
You now have 21 gold pieces (gained 11).
An ogre comes into view. It is wielding a +0 giant club.
Found 12 gold pieces.
Casting: Beastly Appendage (safe; 98% risk of failure)
Confirm with . or Enter, or press ? or * to list all spells.
Okay, then.
You punch the ogre!
The ogre is moderately wounded.
The ogre hits you with a +0 giant club!!
Ouch! That really hurt!
* * * LOW HITPOINT WARNING * * *
You barely miss the ogre.
The ogre is moderately wounded.
You punch the ogre!
The ogre is severely wounded.
The ogre hits you with a +0 giant club!
You die...

#########............
#....................
#....................
#....................
#....................
#....................
####...........#########
...............#........
......O@.......#........
...............#........
...............#........
..$............#........
......##########........
...... #........ ......
......#.. ######
......#.. ......#..


You could see an ogre.

Vanquished Creatures
  A phantom (D:5)
  An adder (D:2)
  An orc (D:5)
  A hobgoblin (D:4)
  2 kobolds
  2 quokkas
  A ball python (D:4)
9 creatures vanquished.

Notes
Turn   | Place    | Note
-------+----------+-------------------------------------------
     0 | D:1      | nxtlvl the Minotaur Transmuter began the quest for the Orb.
     0 | D:1      | Reached XP level 1. HP: 16/16 MP: 1/1
    45 | D:2      | Found a faded altar of an unknown god.
    55 | D:2      | Reached skill level 4 in Unarmed Combat
    55 | D:2      | Reached XP level 2. HP: 23/23 MP: 3/3
   173 | D:5      | Entered Level 5 of the Dungeon
   182 | D:5      | Noticed a phantom
   194 | D:5      | Killed a phantom
   195 | D:5      | Reached skill level 5 in Unarmed Combat
   195 | D:5      | Reached XP level 3. HP: 12/28 MP: 4/4
   195 | D:5      | Reached XP level 4. HP: 16/35 MP: 5/5
   246 | D:5      | Found a shadowy altar of Dithmenos.
   324 | D:4      | Noticed an ogre
   330 | D:4      | Slain by an ogre

Illustrated notes

Levels and vault maps discovered:
D:1:      scummos_arrival_forest, layout_basic, serial_shops,
          nicolae_shop_waterfront, minmay_box_of_dots
D:2:      layout_rooms, ebering_ecumenical_altar_mist
D:3:      layout_basic, nicolae_ashenzari_panopticon, serial_bayou_lagoon_a,
          serial_bayou_pond_a, uniq_sigmund
D:4:      layout_basic, amcnicky_altar_gilded, kennysheep_slug_shrine
D:5:      layout_cave_pods, mainiacjoe_overflow_surrounded_room

Skill      XL: |  1  2 |
---------------+-------+-----
Unarmed Combat | 4 5 |  5.7
Fighting       | |  1.2
Dodging        | |  2.1
Spellcasting   | |  1.3
Transmutations | |  1.5

Action                   |  1- 3 |  4- 6 || total
-------------------------+-------+-------++-------
Melee: Unarmed           |    25 |    11 ||    36
       Headbutt          |     6 |     2 ||     8
       Punch             |     1 |       ||     1
 Cast: Beastly Appendage |     1 |       ||     1
Armor: Chain mail        |    12 |     4 ||    16
Dodge: Dodged            |     5 |     2 ||     7
